 Dungeon Crawl Stone Soup version 0.24.1-11-gbbbb2193e6 (webtiles) character file.

Game seed: 2709522163948920596, levelgen mode: deterministic

1673 Hugehornet the Changer (level 9, -8/53 HPs)
             Began as an Octopode Transmuter on May 15, 2020.
             Was a Follower of Cheibriados.
             Mangled by a two-headed ogre
             ... wielding a +0 giant club
              (19 damage)
             ... on level 6 of the Dungeon.
             The game lasted 00:19:04 (7924 turns).

Hugehornet the Changer (Octopode Transmuter)        Turns: 7924, Time: 00:19:04

Health: -8/53      AC:  2    Str: 14    XL:     9   Next: 1%
Magic:  14/16      EV: 20    Int: 20    God:    Cheibriados [*.....]
Gold:   216        SH:  0    Dex: 19    Spells: 3/18 levels left

rFire    . . .     SeeInvis .     - Unarmed
rCold    . . .     Gourm    .   (shield currently unavailable)
rNeg     . . .     Faith    .   (helmet currently unavailable)
rPois    x         Spirit   .   (no amulet)
rElec    .         Reflect  .   d - ring of protection from magic
rCorr    .         Harm     .   f - ring of ice
MR       +....                  h - ring of fire
Stlth    ++........             i - ring of flight
HPRegen  0.17/turn              (no ring)
MPRegen  0.15/turn              (no ring)
                                (no ring)
                                (no ring)

@: spider-form, very slow
A: tiny, almost no armour, stealthy swim, (amphibious), 8 rings, (constrict 8),
strong 1
a: End Transformation, Bend Time, Renounce Religion, Evoke Flight


You were on level 6 of the Dungeon.
You worshipped Cheibriados.
Cheibriados was aware of your devotion.
You were hungry.
You were a venomous arachnid creature.
You visited 2 branches of the dungeon, and saw 7 of its levels.

You collected 216 gold pieces.

Inventory:

Missiles
 a - 56 arrows
Jewellery
 d - a ring of protection from magic (left front leg)
 f - a ring of ice (right front leg)
 h - a ring of fire (on tentacle)
 i - a ring of flight (on tentacle)
 r - an uncursed ring of fire
Wands
 e - a wand of polymorph (14)
 k - a wand of paralysis (13)
Scrolls
 b - 3 scrolls of magic mapping
 g - 2 scrolls of remove curse
 l - 2 scrolls of teleportation
 n - 2 scrolls of identify
Potions
 j - a potion of agility {unknown}
 m - 3 potions of curing
 o - a potion of flight {unknown}
 s - a potion of degeneration {unknown}
Comestibles
 c - 8 rations


   Skills:
 - Level 1.0 Fighting
 - Level 2.0 Dodging
 + Level 5.5 Unarmed Combat
 + Level 5.0 Spellcasting
 * Level 6.1 Transmutations
 + Level 5.6 Ice Magic
 - Level 3.0 Poison Magic
 + Level 0.3 Invocations


You had 3 spell levels left.
You knew the following spells:

 Your Spells              Type           Power        Failure   Level  Hunger
a - Beastly Appendage     Tmut           ####..       4%          1    None
b - Sticks to Snakes      Tmut           ####....     6%          2    None
c - Spider Form           Tmut/Pois      ###.......   16%         3    ##.....
d - Ice Form              Ice/Tmut       #####...     26%         4    ####...
e - Blade Hands           Tmut           ####......   47%         5    #####..

Your spell library contained the following spells:

 Spells                   Type           Power        Failure   Level  Hunger


Dungeon Overview and Level Annotations

Branches:
Dungeon (6/15)             Temple (1/1) D:6

Altars:
Ashenzari
Cheibriados
Dithmenos
Elyvilon
Fedhas
Gozag
Hepliaklqana
Kikubaaqudgha
Nemelex Xobeh
Okawaru
Qazlal
Ru
Sif Muna
Trog
Uskayaw
Vehumet
Wu Jian
Xom
Yredelemnul
Zin
The Shining One

Annotations:
D:3 1 runed translucent door, Nebesus's ghost, amateur DsGl


Innate Abilities, Weirdness & Mutations

You cannot wear most types of armour.
You are very stealthy in the water. (Stealth+)
((You are amphibious.))
You can wear up to eight rings at the same time.
((You can use your tentacles to constrict eight enemies at once.))
((Your skin changes colour to match your surroundings (Stealth+).))
((Your rubbery body absorbs attacks. (AC +1, EV +1)))
Your muscles are strong. (Str +2)


Message History

You feel aware of your surroundings.
It was a scroll of magic mapping.
The two-headed ogre hits you with a +0 giant club.
The two-headed ogre completely misses you.
The black bear barely misses you. x3; The orc completely misses you. x2
The orc misses you.
As you read the scroll labeled BESIOS QES FOO, it crumbles to dust.
It is a scroll of identify.
l - 2 scrolls of teleportation The black bear bites you.
The black bear completely misses you. The black bear claws you.
The two-headed ogre hits you with a +0 giant club!!
* * * LOW HITPOINT WARNING * * *
The two-headed ogre misses you. The orc misses you. x2
Okay, then.
It was a potion of curing.
You feel better. The orc closely misses you. The black bear barely misses you.
The black bear claws you but does no damage.
The black bear misses you.
The two-headed ogre hits you with a +0 giant club!!
You die...

***#........,,,,,,,,,
#........******,,,
#........# **,,,
#........# *,,,,
#####........# *,,,,
#............# *,,,,
#............# *,,,,
#...ohO......# *,...
####.so......### *,,..
#.....o........# *,,..
#......#...#...# *,,..
#......#.#.#...######.
#####.##.#.#.......##.
#.....#....#.......##.
#.....#....##....รท.##.
#.....#.............#.
#.....#...............


You could see a two-headed ogre, a black bear and 3 orcs.

Vanquished Creatures
  Grinder (D:5)
  Eustachio (D:5)
  Edmund (D:5)
  A sky beast (D:6)
  A phantom (D:5)
  An orc warrior (D:6)
  An ogre (D:5)
  2 centaurs (D:6)
  A bullfrog (D:6)
  A scorpion (D:5)
  2 crimson imps (D:5)
  A bullfrog zombie (D:5)
  4 orc wizards (D:6)
  2 orc priests (D:6)
  2 hounds (D:4)
  A bullfrog skeleton (D:4)
  Ijyb (D:5)
  3 worker ants
  A hound skeleton (D:4)
  A howler monkey skeleton (D:5)
  4 adders
  An ooze (D:6)
  3 worms
  2 dart slugs
  6 leopard geckos
  17 orcs
  2 giant cockroaches
  8 goblins
  7 hobgoblins
  2 jackals (D:3)
  A quokka (D:2)
  7 bats
  2 frilled lizards (D:1)
  10 kobolds
  7 rats
108 creatures vanquished.

Notes
Turn   | Place    | Note
-------+----------+-------------------------------------------
     0 | D:1      | Hugehornet the Octopode Transmuter began the quest for the
                  | Orb.
     0 | D:1      | Reached XP level 1. HP: 13/13 MP: 3/3
   265 | D:1      | Reached XP level 2. HP: 18/18 MP: 3/5
   693 | D:1      | Learned a level 2 spell: Sticks to Snakes
   812 | D:1      | Reached skill level 3 in Transmutations
   815 | D:1      | Reached XP level 3. HP: 23/23 MP: 4/6
   820 | D:1      | Learned a level 3 spell: Spider Form
  1100 | D:2      | Reached skill level 1 in Poison Magic
  1135 | D:2      | Found a sparkling altar of Nemelex Xobeh.
  1879 | D:2      | Found a white marble altar of Elyvilon.
  2054 | D:3      | Reached XP level 4. HP: 28/28 MP: 5/7
  2454 | D:3      | Noticed Nebesus's ghost (amateur DsGl)
  2455 | D:3      | Found a runed translucent door.
  2820 | D:4      | Reached XP level 5. HP: 33/33 MP: 2/9
  3206 | D:4      | Found a blossoming altar of Fedhas.
  3323 | D:4      | Found an ancient bone altar of Kikubaaqudgha.
  3421 | D:4      | Found a hide-covered altar of Uskayaw.
  3421 | D:4      | Found a hazy altar of Hepliaklqana.
  3601 | D:4      | Gained mutation: Your muscles are strong. (Str +2) [potion
                  | of mutation]
  3858 | D:4      | Reached XP level 6. HP: 33/38 MP: 8/10
  4216 | D:5      | Entered Level 5 of the Dungeon
  4226 | D:5      | Reached skill level 4 in Transmutations
  4232 | D:5      | Learned a level 4 spell: Ice Form
  4485 | D:5      | Noticed Edmund
  4507 | D:5      | Killed Edmund
  4507 | D:5      | Reached skill level 1 in Ice Magic
  4745 | D:5      | Reached XP level 7. HP: 43/43 MP: 12/12
  4911 | D:5      | Noticed Ijyb
  4919 | D:5      | Killed Ijyb
  5107 | D:5      | Reached skill level 5 in Transmutations
  5213 | D:5      | Noticed Eustachio
  5495 | D:5      | Killed Eustachio
  5833 | D:5      | Found a sacrificial altar of Ru.
  5855 | D:5      | Reached XP level 8. HP: 48/48 MP: 11/14
  5874 | D:5      | Noticed Grinder
  5912 | D:5      | Killed Grinder
  6303 | D:6      | Found a staircase to the Ecumenical Temple.
  6311 | Temple   | Entered the Ecumenical Temple
  6349 | Temple   | Became a worshipper of Cheibriados the Contemplative
  6390 | D:6      | Reached skill level 6 in Transmutations
  6462 | D:6      | Reached skill level 5 in Unarmed Combat
  6642 | Temple   | Learned a level 5 spell: Blade Hands
  7128 | D:6      | Reached skill level 5 in Ice Magic
  7689 | D:6      | Found a radiant altar of Vehumet.
  7701 | D:6      | Reached * piety under Cheibriados
  7701 | D:6      | Reached skill level 5 in Spellcasting
  7761 | D:6      | Reached XP level 9. HP: 37/53 MP: 16/16
  7911 | D:6      | Noticed a two-headed ogre
  7923 | D:6      | HP: 2/53 [two-headed ogre/+0 giant club (22)]
  7924 | D:6      | Mangled by a two-headed ogre

Levels and vault maps discovered:
D:1:      psy_arrival_basics, layout_rooms, minmay_octomino_j4
D:2:      layout_loops_cross, elyvilon_altar_3, lemuel_doored_altar,
          first_ration, hangedman_decor_lopped
D:3:      layout_rooms, ebering_ghost_inner_flame
D:4:      layout_loops_cross, gammafunk_temple_overflow_elements,
          grunt_temple_overflow_growth_and_decay, kennysheep_generic_room_3
D:5:      layout_basic, nicolae_overflow_crystal_walls, uniq_grinder,
          uniq_eustachio, uniq_edmund, uniq_ijyb
D:6:      layout_basic, kennysheep_mini_moat, minmay_temple_entry_wispy,
          uniq_pikel, uniq_crazy_yiuf_cottage
Temple:   cyrus_circular_temple

Skill      XL: |  1  2  3  4  5  6  7  8 |
---------------+-------------------------+-----
Transmutations | 3 4 5 6 |  6.1
Poison Magic   | 1 2 3 |  3.0
Spellcasting   | 3 4 5 |  5.0
Unarmed Combat | 4 5 |  5.5
Ice Magic      | 1 3 5 |  5.6
Fighting       | |  1.0
Dodging        | |  2.0
Invocations    | |  0.3

Action                   |  1- 3 |  4- 6 |  7- 9 || total
-------------------------+-------+-------+-------++-------
Melee: Unarmed           |    71 |   124 |   153 ||   348
       Constrict         |    23 |    34 |     8 ||    65
       Tentacles         |    10 |    21 |     6 ||    37
       Kick              |    16 |    26 |    13 ||    55
       Punch             |     2 |     3 |     2 ||     7
 Cast: Beastly Appendage |    30 |    25 |    15 ||    70
       Spider Form       |       |     2 |    13 ||    15
       Sticks to Snakes  |       |       |    11 ||    11
       Ice Form          |       |       |     1 ||     1
 Abil: End Transformatio |       |       |     2 ||     2
  Use: Scroll            |       |     2 |     2 ||     4
       Potion            |       |     4 |     2 ||     6
 Stab: Sleeping          |     5 |     2 |     1 ||     8
  Eat: Chunk             |     3 |     9 |     8 ||    20
       Ration            |       |       |     1 ||     1
Armor: Skin              |     4 |     5 |    12 ||    21
Dodge: Dodged            |    53 |    66 |   123 ||   242
